Map: Bel'Shir Vestige LE (Void)

Players

Fropez - Winner!

  • Race: Protoss Protoss
  • League: Gold
  • Spawn Location: 5:00

BigShlonga

  • Race: Protoss Protoss
  • Spawn Location: 11:00

VOD

Have the link to the VOD?

Description

Time

  • Played on: Jan. 24, 2017, 8:44 p.m.
  • Length: 13:46
Show
View Real Time Build Order
Export as new Build Order

Fropez Protoss - Winner!

Build Orders: 1 Gate Expand 

Get SALT Encoding   

  12  0:01  Probe (Chrono Boost)  
  13  0:11  Probe (Chrono Boost)  
  14  0:24  Pylon  
  14  0:25  Probe (Chrono Boost)  
  15  0:42  Probe (Chrono Boost)  
  16  0:43  Gateway  
  16  0:47  Assimilator  
  16  0:53  Probe (Chrono Boost)  
  17  1:03  Probe (Chrono Boost)  
  18  1:25  Nexus  
  18  1:31  Cybernetics Core  
  18  1:37  Probe (Chrono Boost)  
  18  1:58  Probe (Chrono Boost)  
  18  2:01  Warp Gate  
  19  2:04  Assimilator  
  19  2:07  Adept  
  19  2:10  Probe (Chrono Boost)  
  22  2:20  Pylon  
  22  2:22  Probe (Chrono Boost)  
  24  2:38  Probe (Chrono Boost)  
  24  2:40  Mothership Core (Chrono Boost)  
  24  2:43  Adept  
  28  2:51  Probe (Chrono Boost)  
  29  2:58  Probe (Chrono Boost)  
  29  3:04  Probe (Chrono Boost)  
  31  3:09  Probe (Chrono Boost)  
  31  3:10  Adept  
  34  3:16  Probe (Chrono Boost)  
  36  3:20  Probe (Chrono Boost)  
  36  3:33  Probe (Chrono Boost)  
  38  3:34  Probe (Chrono Boost)  
  38  3:40  Gateway  
  36  3:42  Pylon, Stalker  
  36  3:43  Probe (Chrono Boost)  
  36  3:46  Probe (Chrono Boost)  
  40  3:52  Pylon  
  40  3:54  Probe (Chrono Boost)  
  41  3:57  Assimilator  
  41  3:58  Probe (Chrono Boost)  
  41  4:02  Pylon  
  42  4:04  Probe (Chrono Boost)  
  44  4:11  Probe (Chrono Boost), Gateway  
  44  4:15  Probe (Chrono Boost)  
  45  4:22  Adept  
  45  4:23  Probe (Chrono Boost)  
  48  4:25  Probe (Chrono Boost)  
  48  4:27  Assimilator  
  49  4:35  Gateway  
  49  4:38  Twilight Council  
  49  4:42  Pylon  
  49  4:45  Probe x2 (Chrono Boost)  
  51  4:49  Adept x2  
  55  4:52  Pylon  
  55  4:55  Probe (Chrono Boost)  
  55  4:58  Probe (Chrono Boost)  
  57  5:03  Pylon  
  57  5:06  Probe (Chrono Boost)  
  58  5:11  Stalker x3  
  64  5:17  Pylon  
  64  5:18  Probe (Chrono Boost)  
  64  5:20  Probe (Chrono Boost)  
  66  5:32  Dark Shrine  
  66  5:34  Probe (Chrono Boost)  
  66  5:35  Pylon, Probe (Chrono Boost)  
  68  5:40  Gateway  
  68  5:42  Pylon  
  68  5:55  Adept  
  70  6:06  Nexus  
  70  6:08  Blink  
  70  6:09  Probe (Chrono Boost)  
  70  6:10  Probe (Chrono Boost)  
  72  6:28  Gateway x2, Robotics Facility  
  72  6:29  Probe (Chrono Boost)  
  72  6:30  Probe (Chrono Boost)  
  68  6:42  Pylon  
  68  6:48  Forge  
  68  6:51  Forge  
  68  6:52  Pylon  
  68  6:56  Dark Templar x4  
  76  7:07  Pylon  
  76  7:18  Pylon  
  76  7:19  Dark Templar  
  78  7:30  Dark Templar x3  
  78  7:31  Dark Templar  
  78  7:34  Probe (Chrono Boost)  
  78  7:35  Probe (Chrono Boost)  
  78  7:36  Probe (Chrono Boost)  
  89  7:40  Protoss Ground Weapons Level 1, Protoss Ground Armor Level 1  
  89  7:45  Probe x2 (Chrono Boost)  
  91  7:52  Warp Prism, Photon Cannon  
  91  7:55  Photon Cannon  
  89  8:21  Archon x2  
  89  8:22  Archon  
  89  8:25  Stalker x6  
  89  8:26  Stalker  
  97  8:31  Assimilator  
  97  8:32  Probe x2 (Chrono Boost)  
  97  8:34  Probe (Chrono Boost), Assimilator  
  92  8:37  Pylon  
  92  8:40  Gateway  
  92  8:44  Observer, Gateway  
  93  8:52  Stalker x2  
  93  8:53  Gateway, Stalker x2  
  101  8:56  Gateway  
  101  9:04  Stalker  
  101  9:05  Stalker x2  
  107  9:12  Observer  
  108  9:28  Stalker x4  
  108  9:29  Stalker  
  118  9:38  Nexus  
  118  9:52  Protoss Ground Armor Level 2  
  117  10:02  Stalker x6, Protoss Ground Weapons Level 2  
  117  10:03  Observer, Stalker x2  
  130  10:22  Observer  
  123  10:32  Stalker x5  
  123  10:33  Stalker  
  135  10:41  Observer  
  133  10:44  Stalker x4  
  133  10:45  Stalker  
  142  10:53  Gateway  
  142  10:59  Observer  
  142  11:02  Probe x2 (Chrono Boost)  
  142  11:03  Probe x2 (Chrono Boost)  
  145  11:20  Observer  
  145  11:22  Stalker x7  
  145  11:23  Stalker  
  150  11:38  Stalker  
  150  11:39  Stalker x2  
  144  12:08  Pylon  
  144  12:13  Pylon  
  144  12:14  Pylon  
  144  12:15  Stalker x3  
  141  12:16  Stalker x5  
  141  12:17  Stalker  
  157  12:37  Assimilator  
  157  12:39  Assimilator  
  157  12:40  Probe x2 (Chrono Boost)  
  157  12:41  Probe x2 (Chrono Boost)  
  161  12:44  Pylon  
  161  12:47  Pylon  
  159  13:06  Nexus  
  159  13:09  Assimilator  
  155  13:13  Assimilator  
  155  13:14  Stalker x6  
  155  13:15  Stalker x4  
  155  13:16  Pylon, Stalker  
  155  13:19  Pylon  
Show
View Real Time Build Order
Export as new Build Order

BigShlonga Protoss 

Build Orders: 1 Gate Expand 

Get SALT Encoding   

  12  0:04  Probe (Chrono Boost)  
  13  0:14  Probe (Chrono Boost)  
  14  0:23  Pylon  
  14  0:25  Probe (Chrono Boost)  
  15  0:41  Probe (Chrono Boost)  
  15  0:42  Gateway  
  16  0:52  Probe (Chrono Boost)  
  17  1:02  Probe (Chrono Boost)  
  18  1:13  Probe (Chrono Boost)  
  18  1:14  Assimilator  
  19  1:23  Probe (Chrono Boost)  
  20  1:31  Nexus  
  20  1:34  Probe (Chrono Boost)  
  21  1:45  Probe (Chrono Boost)  
  22  1:49  Cybernetics Core  
  22  1:55  Probe (Chrono Boost)  
  23  2:10  Pylon  
  22  2:20  Warp Gate  
  22  2:23  Pylon  
  22  2:26  Forge, Assimilator  
  22  2:33  Stalker  
  24  2:40  Probe (Chrono Boost)  
  25  2:47  Probe (Chrono Boost)  
  26  2:57  Mothership Core (Chrono Boost)  
  26  2:58  Probe (Chrono Boost)  
  28  3:13  Stalker  
  28  3:15  Probe (Chrono Boost)  
  31  3:25  Probe (Chrono Boost)  
  29  3:35  Protoss Ground Weapons Level 1  
  29  3:37  Probe (Chrono Boost)  
  30  3:51  Twilight Council, Probe (Chrono Boost)  
  30  3:52  Gateway  
  30  3:54  Probe (Chrono Boost), Gateway  
  33  4:03  Probe (Chrono Boost)  
  33  4:04  Probe (Chrono Boost)  
  33  4:08  Robotics Facility  
  34  4:20  Probe (Chrono Boost)  
  35  4:24  Stalker  
  35  4:30  Probe (Chrono Boost)  
  38  4:34  Assimilator  
  38  4:38  Probe (Chrono Boost)  
  39  4:40  Blink  
  39  4:49  Probe (Chrono Boost)  
  39  4:52  Zealot x2  
  44  4:53  Zealot  
  44  4:54  Probe (Chrono Boost)  
  47  5:02  Probe (Chrono Boost)  
  47  5:03  Observer  
  47  5:05  Probe (Chrono Boost)  
  50  5:13  Stalker  
  52  5:15  Probe (Chrono Boost)  
  52  5:17  Protoss Ground Armor Level 1  
  53  5:26  Probe (Chrono Boost)  
  54  5:29  Gateway  
  54  5:32  Gateway  
  54  5:35  Pylon  
  54  5:51  Observer, Assimilator  
  54  5:53  Probe (Chrono Boost)  
  56  6:00  Pylon, Stalker x2  
  56  6:01  Stalker  
  63  6:20  Probe (Chrono Boost)  
  63  6:32  Probe (Chrono Boost)  
  64  6:34  Stalker x2  
  64  6:35  Stalker  
  70  7:01  Protoss Ground Weapons Level 2  
  70  7:09  Pylon  
  70  7:11  Pylon  
  70  7:27  Nexus, Immortal, Pylon  
  70  7:29  Pylon  
  72  7:31  Pylon x2  
  72  7:33  Pylon  
  72  7:36  Stalker x4  
  80  7:41  Probe (Chrono Boost)  
  81  7:51  Photon Cannon  
  81  7:53  Probe (Chrono Boost), Photon Cannon  
  81  7:57  Photon Cannon  
  81  8:02  Photon Cannon  
  81  8:09  Stalker  
  83  8:31  Nexus  
  83  8:43  Pylon  
  83  8:51  Photon Cannon  
  83  9:06  Observer  
  84  9:15  Stalker x2  
  88  9:17  Sentry x2  
  92  9:25  Observer  
  92  9:28  Photon Cannon  
  93  9:36  Stalker  
  95  9:42  Probe (Chrono Boost)  
  95  9:43  Observer  
  96  9:46  Sentry x2  
  101  10:32  Probe (Chrono Boost)  
  102  10:43  Probe (Chrono Boost)  
  103  10:53  Probe (Chrono Boost)  
  103  10:55  Nexus, Stalker x3  
  103  10:56  Stalker x2  
  108  11:51  Stalker x5  
  111  11:57  Nexus, Immortal  
  109  12:20  Photon Cannon  
  109  12:22  Sentry  
  111  12:33  Pylon  
  105  13:02  Stalker x3  
  62  13:34  Stalker x2  
Tags
 
Add a new tag
Caveats
  • Supply blocks, unpowered buildings, or Contaminate may cause inaccurate times.
  • Supply counts are checked every 10 seconds.